AoeStats
← Shredded_Pork

Socotra

506802834Analyzed
4v4 RM · 17d ago on Sep 15, 2026· 36m 36s· 8 players
Game mode
Random Map
Map size
148×148
Population
200
Speed
Normal
Resources
Standard
Victory
Conquest
Starting age
Dark Age
Ending age
Imperial Age
RankedLock teamsTeams togetherTeam positionsShared explorationLock speedFull tech treeHidden civsTurbo modeCheats
Victory
Defeat
🇭🇰 Turks · Hong Kong SAR China
878
+14
🇲🇽 Lithuanians · Mexico
848
+15
🇺🇸 Burgundians · United States
846
+15
🇲🇽 Mongols · Mexico
821
+16
🇹🇼 Teutons · Taiwan
959
-21
🇮🇳 Franks · India
810
-14
🇨🇳 Sicilians · China
787
-13
🇨🇳 Hindustanis · China
764
-12
DeLarge
3:28 Loom
11:07 Feudal Age
12:24 Wheelbarrow
11:36 Double-Bit Axe
11:35 Horse Collar
18:43 Castle Age
18:19 Gold Mining
20:25 Scale Barding Armor
20:31 Forging
22:32 Bloodlines
22:22 Husbandry
26:05 Stone Mining
28:20 Bow Saw
30:26 Town Watch
31:00 Hand Cart
31:32 Town Patrol
32:48 Iron Casting
33:01 Heavy Plow
35:16 Stone Shaft Mining
37:58 Imperial Age
37:29 Chain Barding Armor
★GGsorryGLnextime★
0:27 Loom
10:18 Feudal Age
11:03 Man-at-Arms
11:30 Arson
14:55 Horse Collar
19:40 Stone Mining
24:37 Castle Age
24:07 Scale Mail Armor
24:44 Forging
26:43 Double-Bit Axe
27:47 Fletching
27:58 Padded Archer Armor
28:01 Heavy Plow
28:14 Bow Saw
30:11 Bodkin Arrow
35:09 Wheelbarrow
37:23 Leather Archer Armor
37:33 Ballistics
XxMasterxX
0:28 Loom
8:50 Horse Collar
9:04 Double-Bit Axe
14:41 Feudal Age
13:26 Gold Mining
13:27 Stone Mining
20:34 Castle Age
19:34 Forging
19:42 Scale Barding Armor
20:21 Padded Archer Armor
20:42 Cavalier
21:56 Husbandry
23:53 Iron Casting
24:47 Chain Barding Armor
29:22 Stone Shaft Mining
29:25 Wheelbarrow
28:36 Town Watch
32:36 Scale Mail Armor
32:27 Fletching
32:53 Leather Archer Armor
32:56 Bow Saw
32:49 Heavy Plow
32:52 Squires
37:26 Imperial Age
kongqman
3:28 Loom
12:35 Feudal Age
13:23 Horse Collar
23:42 Fletching
27:43 Wheelbarrow
27:57 Town Watch
37:31 Castle Age
Shredded_Pork
11:32 Feudal Age
16:50 Horse Collar
22:08 Castle Age
20:08 Double-Bit Axe
22:32 Stone Mining
22:33 Gold Mining
23:55 Stone Shaft Mining
23:40 Husbandry
23:52 Bloodlines
xporx57248
3:41 Loom
12:28 Feudal Age
17:09 Horse Collar
23:03 Double-Bit Axe
26:14 Forging
29:32 Castle Age
dragoleopold
6:06 Loom
14:18 Feudal Age
garyoling
2:28 Loom
11:02 Feudal Age
12:09 Double-Bit Axe
12:21 Stone Mining
18:39 Fletching
19:13 Horse Collar
25:41 Castle Age
27:46 Gold Mining
28:11 Bow Saw
31:59 Imperial Age
33:26 Scale Mail Armor
Connection lost

Rejoining the realm…

Still unreachable

The connection could not be restored.

Session expired

The server has moved on; the page needs a fresh start.